 Dungeon Crawl Stone Soup version 0.22.1-2-g9c5b331 (webtiles) character file.

5351 step280290 the Cleaver (level 10, -2/92 HPs)
             Began as a Minotaur Berserker on Dec 15, 2018.
             Was a High Priest of Trog.
             Slain by a rapier of chaos (4 damage)
             ... on level 9 of the Dungeon.
             The game lasted 00:49:44 (8055 turns).

step280290 the Cleaver (Minotaur Berserker)         Turns: 8055, Time: 00:49:44

Health: -2/92      AC:  9    Str: 23    XL:     10   Next: 38%
Magic:  9/9        EV: 13    Int:  4    God:    Trog [*****.]
Gold:   625        SH:  0    Dex: 12    Spells: 9/9 levels left

rFire    . . .     SeeInvis .   C - +1 hand axe (elec)
rCold    + . .     Gourm    .   (no shield)
rNeg     . . .     Faith    .   f - +2 scale mail {rC+}
rPois    .         Spirit   .   (helmet restricted)
rElec    .         Reflect  .   (no cloak)
rCorr    .         Harm     .   (no gloves)
MR       .....                  (no boots)
Stlth    ..........             r - amulet of regeneration
HPRegen  0.65/turn              (no ring)
MPRegen  0.11/turn              (no ring)

@: lethally poisoned (-2 -> -4), about to teleport, berserk cooldown, slowed,
drained, very slow
A: retaliatory headbutt, horns 2
a: Berserk, Trog's Hand, Brothers in Arms, Renounce Religion


You were on level 9 of the Dungeon.
You worshipped Trog.
Trog was extremely pleased with you.
You were hungry.

You visited 1 branch of the dungeon, and saw 9 of its levels.

You collected 625 gold pieces.

Inventory:

Hand Weapons
 C - a +1 hand axe of electrocution (weapon)
Armour
 f - a +2 scale mail of cold resistance (worn)
Jewellery
 r - an amulet of regeneration (around neck)
Wands
 n - a wand of polymorph (21)
 x - a wand of flame (45)
Scrolls
 d - 6 scrolls of remove curse
 e - a scroll of blinking
 g - 4 scrolls of enchant weapon
 i - 10 scrolls of teleportation
 m - a scroll of fear
 o - 2 scrolls of fog {unknown}
 q - 2 scrolls of identify
 s - a scroll of immolation {unknown}
 t - 2 scrolls of magic mapping
Potions
 a - a potion of flight {unknown}
 b - 6 potions of degeneration {unknown}
 h - 2 potions of brilliance
 k - 4 potions of curing
 l - a potion of haste
 p - a potion of ambrosia
 u - a potion of resistance
 v - a potion of heal wounds {unknown}
 w - 2 potions of agility {unknown}
Comestibles
 c - 17 rations
 j - a chunk of flesh


   Skills:
 + Level 9.7(9.4) Fighting
 * Level 12.9(12.6) Axes
 + Level 7.4(7.2) Armour
 + Level 6.8(6.5) Dodging


You had 9 spell levels left.
You didn't know any spells.
Your spell library was empty.

Dungeon Overview and Level Annotations

Branches:
Dungeon (9/15)             Temple (0/1) D:5
   Lair: D:8-11         Orc: D:9-12

Altars:
Ashenzari
Gozag
Makhleb
Nemelex Xobeh
Okawaru
Trog
Uskayaw
Vehumet
Xom
Zin

Shops:
D:6 }

Annotations:
D:8 1 runed door, Frank's ghost, journeyman OpFi
D:9 Gearfox's ghost, journeyman HOFi


Innate Abilities, Weirdness & Mutations

You reflexively headbutt those who attack you in melee.
You have a pair of horns on your head.


Message History

Gearfox's ghost mumbles, "They all look like pillowcases to me..."
The rapier of chaos hits you.
You feel very sick. The rapier of chaos hits you.
You feel drained. The rapier of chaos hits you.
Okay, then.
You feel sick.
The rapier of chaos hits you but does no damage.
Gearfox's ghost hits you!
* * * LOW HITPOINT WARNING * * *
You are feeling hungry.
You feel sick. The rapier of chaos misses you.
The rapier of chaos barely misses you. You furiously retaliate!
You headbutt the rapier of chaos. Gearfox's ghost hits you!
* * * LOW HITPOINT WARNING * * *
Some of the chunks of flesh in your inventory have rotted away.
As you read the scroll of teleportation, it crumbles to dust.
You feel strangely unstable.
You feel sick. The rapier of chaos hits you.
* * * LOW HITPOINT WARNING * * *
The rapier of chaos hits you.
You die...

.⌠. #. ... .##.. ....
... ..## ..#######
..?.. #.......#......
#@......#......
#(W.....#......
#.......#......
#.......P..[P..
#......PP.P.P..
###..........P..P
##$#.........%...P
#._'..........P.P.P..
##.#......PP####.P..P


You could see a rapier of chaos and Gearfox's ghost.

Vanquished Creatures
  A two-headed ogre (D:8)
  Joseph (D:9)
  Grinder (D:6)
  2 hippogriffs
  A hungry ghost (D:9)
  Menkaure (D:6)
  Duvessa (D:7)
  A sky beast (D:5)
  An orc warrior (D:9)
  4 ice beasts
  2 phantoms
  3 ogres
  A necrophage (D:9)
  A centaur (D:6)
  4 big kobolds
  5 bullfrogs
  Dowan (D:7)
  4 scorpions
  A howler monkey (D:6)
  5 crimson imps
  5 jellies
  4 hounds
  A centaur skeleton (D:4)
  3 orc priests
  Crazy Yiuf (D:3)
  A bullfrog skeleton (D:9)
  7 orc wizards
  Jessica (D:3)
  An iguana (D:5)
  Natasha (twice) (D:3)
  7 worker ants
  A killer bee zombie (D:7)
  A hound zombie (D:6)
  A hound skeleton (D:6)
  Robin (D:3)
  12 adders
  6 gnolls
  A shadow imp (D:8)
  3 oozes
  4 worms
  2 dart slugs
  4 leopard geckos
  35 orcs
  3 bats
  2 giant cockroaches (D:2)
  20 goblins
  10 hobgoblins
  5 jackals
  28 kobolds
  5 quokkas
  4 ball pythons
  A frilled lizard (D:3)
  A leopard gecko skeleton (D:4)
  9 rats
  A bush (D:6)
  A fungus (D:9)
235 creatures vanquished.

Vanquished Creatures (others)
  A fungus (D:3)
1 creature vanquished.

Grand Total: 236 creatures vanquished

Notes
Turn   | Place    | Note
-------+----------+-------------------------------------------
     0 | D:1      | step280290 the Minotaur Berserker began the quest for the
                  | Orb.
     0 | D:1      | Reached XP level 1. HP: 19/19 MP: 0/0
   102 | D:1      | Reached skill level 4 in Axes
   258 | D:1      | Reached XP level 2. HP: 27/27 MP: 1/1
  1144 | D:2      | Reached ** piety under Trog
  1161 | D:2      | Reached XP level 3. HP: 32/33 MP: 2/2
  1198 | D:2      | Found a shattered altar of Ashenzari.
  1383 | D:2      | Reached skill level 5 in Axes
  1891 | D:3      | Found a faded altar of an unknown god.
  1902 | D:3      | Reached XP level 4. HP: 37/41 MP: 3/3
  1945 | D:3      | Noticed Jessica
  1948 | D:3      | Killed Jessica
  2058 | D:3      | Reached skill level 6 in Axes
  2066 | D:3      | Reached XP level 5. HP: 46/47 MP: 4/4
  2162 | D:3      | Reached skill level 5 in Fighting
  2270 | D:3      | Reached *** piety under Trog
  2592 | D:3      | Noticed Robin
  2598 | D:3      | Killed Robin
  2713 | D:3      | Found an opulent altar of Gozag.
  2760 | D:3      | Noticed Natasha
  2770 | D:3      | Killed Natasha
  2770 | D:3      | Reached skill level 7 in Axes
  2999 | D:3      | Found a runed door.
  3003 | D:3      | Noticed Crazy Yiuf
  3011 | D:3      | Killed Crazy Yiuf
  3011 | D:3      | Reached XP level 6. HP: 56/56 MP: 5/5
  3208 | D:4      | HP: 2/57 [orc wizard/magic dart (9)]
  3213 | D:4      | HP: 1/57 [something (1)]
  3309 | D:3      | Noticed Natasha
  3314 | D:3      | Killed Natasha
  3822 | D:4      | Reached **** piety under Trog
  4272 | D:5      | Entered Level 5 of the Dungeon
  4277 | D:5      | Reached skill level 8 in Axes
  4287 | D:4      | Reached XP level 7. HP: 61/63 MP: 6/6
  4328 | D:5      | Found a bloodstained altar of Trog.
  4598 | D:5      | Reached skill level 9 in Axes
  4828 | D:5      | Found a staircase to the Ecumenical Temple.
  5012 | D:5      | Reached XP level 8. HP: 73/73 MP: 7/7
  5450 | D:6      | Noticed Menkaure
  5462 | D:6      | Killed Menkaure
  5559 | D:6      | Reached skill level 10 in Axes
  5622 | D:6      | Found a burning altar of Makhleb.
  5622 | D:6      | Found a sparkling altar of Nemelex Xobeh.
  5643 | D:6      | Found a glowing silver altar of Zin.
  5733 | D:6      | Found Duodau's Gadget Emporium.
  5738 | D:6      | Reached ***** piety under Trog
  5893 | D:6      | Noticed Grinder
  5893 | D:6      | Paralysed by Grinder for 6 turns
  5910 | D:6      | Killed Grinder
  5910 | D:6      | Received a gift from Trog
  6110 | D:6      | Reached skill level 5 in Armour
  6181 | D:6      | Reached XP level 9. HP: 72/81 MP: 8/8
  6401 | D:7      | Noticed Duvessa
  6401 | D:7      | Noticed Dowan
  6409 | D:7      | Killed Duvessa
  6409 | D:7      | Reached skill level 11 in Axes
  6415 | D:7      | Killed Dowan
  6612 | D:7      | Reached skill level 5 in Dodging
  6913 | D:7      | Found a hide-covered altar of Uskayaw.
  7013 | D:8      | Noticed a two-headed ogre
  7028 | D:8      | Killed a two-headed ogre
  7028 | D:8      | Reached skill level 12 in Axes
  7289 | D:8      | Reached XP level 10. HP: 90/91 MP: 9/9
  7340 | D:8      | Found a shimmering altar of Xom.
  7425 | D:8      | Found a runed door.
  7428 | D:8      | Found a shimmering altar of Xom.
  7428 | D:8      | Noticed a mace of chaos
  7429 | D:8      | Noticed Frank's ghost (journeyman OpFi)
  7463 | D:8      | Found an iron altar of Okawaru.
  7727 | D:9      | Noticed Joseph
  7730 | D:9      | Got a fine long sword
  7742 | D:9      | Killed Joseph
  7926 | D:9      | Found a radiant altar of Vehumet.
  7948 | D:9      | Found a flagged portal.
  8025 | D:9      | Found a runed door.
  8026 | D:9      | Found a shimmering altar of Xom.
  8026 | D:9      | Noticed Gearfox's ghost (journeyman HOFi)
  8026 | D:9      | Noticed a rapier of chaos
  8055 | D:9      | HP: 2/92 [rapier of chaos (6)]
  8055 | D:9      | Slain by a rapier of chaos

Skill      XL: |  1  2  3  4  5  6  7  8  9 10 |
---------------+-------------------------------+-----
Axes           | 4 5 6 7 8 9 10 12 | 12.9
Fighting       | 4 5 6 7 8 9 |  9.7
Armour         | 3 5 6 7 |  7.4
Dodging        | 4 6 |  6.8

Action                   |  1- 3 |  4- 6 |  7- 9 | 10-12 || total
-------------------------+-------+-------+-------+-------++-------
Melee: Hand axe          |    97 |   177 |   137 |    22 ||   433
       Headbutt          |    14 |    31 |    68 |    18 ||   131
       War axe           |       |       |   172 |    58 ||   230
Invok: Berserk           |     1 |     8 |     6 |     3 ||    18
       Trog's Hand       |       |       |     3 |       ||     3
  Use: Potion            |       |     2 |     1 |       ||     3
       Scroll            |       |       |    11 |     1 ||    12
  Eat: Chunk             |     4 |    11 |    13 |     3 ||    31
       Ration            |       |     1 |     1 |     1 ||     3
Armor: Ring mail         |     3 |       |       |       ||     3
       Scale mail        |    24 |    66 |    90 |    15 ||   195
Dodge: Dodged            |    32 |    73 |   127 |    29 ||   261
